 Dungeon Crawl Stone Soup version 0.30.0-10-gfe55d96785 (webtiles) character file.

Game seed: 5917429291006409500

520 shadowrider38 the Conjurer (level 7, 46/46 HPs)
             Began as a Demonspawn Conjurer on May 15, 2023.
             Quit the game on level 5 of the Dungeon.
             The game lasted 00:09:43 (5949 turns).

shadowrider38 the Conjurer (Demonspawn Conjurer)    Turns: 5949, Time: 00:09:43

Health: 46/46      AC:  3    Str:  7    XL:     7   Next: 1%
Magic:  10/13      EV: 12    Int: 22    God:
Gold:   276        SH:  0    Dex: 11    Spells: 3/14 levels left

rFire   . . .        a - +0 whip (elec)
rCold   . . .        (no shield)
rNeg    + . .        d - +0 robe
rPois   .            (helmet restricted)
rElec   .            (no cloak)
rCorr   .            p - +0 pair of gloves
SInv    .            (no boots)
Will    .....        (no amulet)
Stlth   ++           n - ring of positive energy
HPRegen 0.27/turn    (no ring)
MPRegen 0.26/turn

%: no passive effects
@: no status effects
A: horns 1, magic regeneration, demonic magic 1
a: no special abilities


You were on level 5 of the Dungeon.
You visited 1 branch of the dungeon, and saw 5 of its levels.
You also visited: Sewer.

You collected 276 gold pieces.

Inventory:

Hand Weapons
 a - a +0 whip of electrocution (weapon)
Missiles
 F - 3 curare-tipped darts
 Z - a throwing net
Armour
 c - the +6 chain mail of Dishonour {-Cast Str+3 Dex+2}
   (You found it on level 3 of the Dungeon)

   Str:       It affects your strength (+3).
   Dex:       It affects your dexterity (+2).
   -Cast:     It prevents spellcasting.
 d - a +0 robe (worn)
 p - a +0 pair of gloves (worn)
 y - the +0 robe of Snakes and Ladders {Rampage}
   (You found it on level 4 of the Dungeon)

   Rampage:   It bestows one free step when moving towards enemies.
Jewellery
 n - a ring of positive energy (left hand)
 z - an amulet of reflection
Wands
 k - a wand of light (3)
 x - a wand of roots (2)
Scrolls
 f - 3 scrolls of vulnerability
 g - a scroll of amnesia
 h - a scroll of fog {unknown}
 i - a scroll of fear {unknown}
 j - 2 scrolls of enchant weapon
 l - a scroll of blinking {unknown}
 m - a scroll of acquirement {unknown}
 o - 2 scrolls of poison
 q - a scroll of torment {unknown}
 s - a scroll of enchant armour {unknown}
 w - a scroll of noise {unknown}
 A - a scroll of brand weapon {unknown}
 M - a scroll of magic mapping
 R - a scroll of identify
 T - 5 scrolls of teleportation
Potions
 b - 2 potions of magic
 e - a potion of lignification
 r - a potion of invisibility
 t - a potion of berserk rage {unknown}
 u - a potion of might {unknown}
 v - a potion of ambrosia {unknown}
 B - a potion of attraction {unknown}


   Skills:
 - Level 1.7 Dodging
 - Level 1.7 Stealth
 - Level 4.0 Spellcasting
 + Level 6.5 Conjurations
 + Level 2.2 Hexes
 + Level 2.0 Translocations


You had 3 spell levels left.
You knew the following spells:

 Your Spells              Type           Power      Damage    Failure   Level
a - Magic Dart            Conj           100%       1d8       1%          1
b - Searing Ray           Conj           66%        2d6       1%          2
c - Iskenderun's Mystic   Conj/Tloc      23%        2d6       19%         4
d - Fulminant Prism       Conj/Hex       11%        3d9       19%         4

Your spell library contained the following spells:

 Spells                   Type           Power      Damage    Failure   Level
 Dazzling Flash           Conj/Hex       46%        N/A       5%          3
 Hailstorm                Conj/Ice       18%        3d6       9%          3
 Freeze                   Ice            16%        1d4       11%         1
 Portal Projectile        Hex/Tloc       26%        N/A       14%         3
 Tukima's Dance           Hex            14%        N/A       14%         3
 Frozen Ramparts          Ice            8%         1d2       32%         3
 Blade Hands              Tmut           2%         N/A       97%         5


Dungeon Overview and Level Annotations

Branches:
Dungeon (5/15)              Sewer (visited)
 Temple: D:4-7

Altars:
Dithmenos
Vehumet
Xom

Shops:
D:1 [


Innate Abilities, Weirdness & Mutations

You have a pair of small horns on your head.
You regenerate magic rapidly.
Spells you cast may paralyse adjacent enemies.


Message History

The magic dart hits the orc.
The orc is lightly wounded.
The orc shouts!
Malevolent energies surge around you.
Aiming: Magic Dart (safe; 1% risk of failure)
Press: ? - help, Q - select action, (/) - cycle Shift-Dir - straight line, f/p - orc
Aim: an orc, wielding a +0 hand axe (lightly wounded, 100% to hit)
The magic dart hits the orc!
You kill the orc!
Malevolent energies surge around you.
Aiming: Magic Dart (safe; 1% risk of failure)
Press: ? - help, Q - select action, (/) - cycle Shift-Dir - straight line, f - you That beam is likely to hit you.
Continue anyway? [Y]es or [N]o only, please.
That beam is likely to hit you.
Continue anyway?
Okay, then.
Magic restored.
Things that are here:
a +0 hand axe; an orc corpse
Found a quarterstaff.
You see here a +0 quarterstaff.
An adder comes into view.
An adder is nearby!
Aiming: Magic Dart (safe; 1% risk of failure)
Press: ? - help, Q - select action, (/) - cycle Shift-Dir - straight line, f - adder
Aim: an adder (asleep, 100% to hit)
The magic dart hits the adder!
The adder is severely wounded.
Malevolent energies surge around you.
Aiming: Magic Dart (safe; 1% risk of failure)
Press: ? - help, Q - select action, (/) - cycle Shift-Dir - straight line, f/p - adder
Aim: an adder (severely wounded, 100% to hit)
The magic dart hits the adder.
You kill the adder!
Malevolent energies surge around you.
You have reached level 7!
Your demonic ancestry asserts itself...
Your magic begins to regenerate rapidly.
Okay, then.
Unknown command.
Unknown command.
Okay, then.
Okay, then.
Unknown command.
Unknown command.
Unknown command.
Are you sure you want to abandon this character and quit the game? (Confirm with "yes".)
Okay, then.
Unknown command.
Are you sure you want to abandon this character and quit the game? (Confirm with "yes".)

####.###
#.....#
#.#.#.#
#.#.#.#
#.#.#.#
#.#.#.#
#.)...###
#.......#
#.#@###.#
#.#..#
......#
##.##.#.#
#.# .##.#
#. .. .#
.. # .##


There were no monsters in sight!

Vanquished Creatures
  A phantom (D:4)
  A scorpion (D:4)
  A jelly (D:5)
  A hound (D:4)
  An iguana (D:4)
  Natasha (thrice) (D:4)
  A hell rat (Sewer)
  4 gnolls
  2 river rats (Sewer)
  3 adders
  2 ufetubi
  2 worms
  A dart slug (D:2)
  6 orcs
  5 bats
  7 endoplasms
  5 giant cockroaches
  10 goblins
  9 hobgoblins
  4 jackals (D:3)
  6 kobolds
  11 quokkas
  6 ball pythons
  6 rats
98 creatures vanquished.

Notes
Turn   | Place    | Note
-------+----------+-------------------------------------------
     0 | D:1      | shadowrider38 the Demonspawn Conjurer began the quest for
                  | the Orb.
     0 | D:1      | Reached XP level 1. HP: 13/13 MP: 3/3
   115 | D:1      | Gained mutation: You have a pair of small horns on your
                  | head. [demonic ancestry]
   115 | D:1      | Reached XP level 2. HP: 12/19 MP: 0/5
   559 | D:1      | Found Vogoidag's Antique Armour Shoppe.
   612 | D:1      | aesen: other important / useful things for zig: orb of
                  | mayhem and dchan
   649 | D:1      | Learned a level 2 spell: Searing Ray
   782 | D:1      | Reached XP level 3. HP: 24/24 MP: 5/7
   934 | D:1      | aesen: dchan fills the screen with ghosts and mayhem makes
                  | things kill each other
   990 | D:1      | shadowrider38: i just want to get a run off the ground
   990 | D:1      | shadowrider38: then ill look into how to actually do it
  1567 | D:2      | Reached skill level 3 in Spellcasting
  1810 | D:2      | Found a faded altar of an unknown god.
  2377 | D:3      | Found a shimmering altar of Xom.
  2407 | D:3      | Reached XP level 4. HP: 30/30 MP: 6/8
  2541 | D:3      | Reached skill level 5 in Conjurations
  2541 | D:3      | aesen: !lg . ds--
  2541 | D:3      | beem: 17. aesen the Archmage (L27 DsIE of Gozag), escaped
                  | with the Orb and 15 runes on 2022-08-31 18:46:49, with
                  | 14332317 points after 113091 turns and 10:43:23.
  2568 | D:3      | aesen: 2022-08-31
  2688 | D:2      | aesen: my last ds was a mini megazig
  2724 | D:3      | shadowrider38: whats a min
  2724 | D:3      | shadowrider38: mini
  2810 | D:3      | Identified the +6 chain mail of Dishonour {-Cast Str+3
                  | Dex+2}
  2815 | D:3      | aesen: just gave up after 3 zigs
  2857 | D:3      | aesen: :)
  2857 | D:3      | shadowrider38: lol
  3445 | D:4      | aesen: oh boy i wonder where the sewer is
  3453 | D:4      | Found a glowing drain.
  3532 | Sewer    | Entered a sewer
  3555 | Sewer    | aesen: hell rat
  3729 | Sewer    | Gained mutation: Spells you cast may paralyse adjacent
                  | enemies. [demonic ancestry]
  3729 | Sewer    | Reached XP level 5. HP: 35/35 MP: 4/10
  3775 | Sewer    | aesen: thats a tier 2
  3798 | Sewer    | shadowrider38: unlucky
  3803 | Sewer    | Learned a level 4 spell: Iskenderun's Mystic Blast
  3808 | Sewer    | aesen: actually para casting could be good
  4069 | D:4      | aesen: just want powered by death
  4213 | D:4      | Noticed a phantom
  4214 | D:4      | shadowrider38: does the order of tiers stay the same?
  4214 | D:4      | aesen: no
  4214 | D:4      | shadowrider38: sad
  4214 | D:4      | aesen: its random
  4221 | D:4      | Killed a phantom
  4222 | D:4      | Reached skill level 6 in Conjurations
  4222 | D:4      | Reached XP level 6. HP: 36/41 MP: 4/12
  4289 | D:4      | Learned a level 4 spell: Fulminant Prism
  4581 | D:4      | Found a shadowy altar of Dithmenos.
  4621 | D:4      | Noticed Natasha
  4628 | D:4      | Killed Natasha
  4629 | D:4      | Reached skill level 1 in Hexes
  4629 | D:4      | Reached skill level 1 in Translocations
  4653 | D:4      | Noticed Natasha
  4657 | D:4      | Killed Natasha
  4856 | D:4      | Identified the +0 robe of Snakes and Ladders {Rampage}
  4896 | D:4      | Found a radiant altar of Vehumet.
  5197 | D:4      | aesen: yeah para casting is good
  5319 | D:4      | aesen: esp for zig
  5489 | D:4      | Noticed Natasha
  5496 | D:4      | Killed Natasha
  5836 | D:5      | Entered Level 5 of the Dungeon
  5839 | D:5      | aesen: imagine casting once and half the floor is paralyzed
  5885 | D:5      | aesen: also whats the robe
  5949 | D:5      | Gained mutation: You regenerate magic rapidly. [demonic
                  | ancestry]
  5949 | D:5      | Reached XP level 7. HP: 46/46 MP: 10/13
  5949 | D:5      | shadowrider38: raaa
  5949 | D:5      | shadowrider38: nice
  5949 | D:5      | shadowrider38: this may be the best robe ive ever found
  5949 | D:5      | aesen: mana shield
  5949 | D:5      | shadowrider38: thats another give up
  5949 | D:5      | aesen: i guess
  5949 | D:5      | shadowrider38: would you play it
  5949 | D:5      | shadowrider38: actually it doesnt matter ur better than me
  5949 | D:5      | aesen: i gave up after 3 zigs
  5949 | D:5      | aesen: because of no powered by death
  5949 | D:5      | aesen: its that much of a pain
  5949 | D:5      | shadowrider38: i see
  5949 | D:5      | shadowrider38: powered by pain
  5949 | D:5      | Quit the game

Illustrated notes

Levels and vault maps discovered:
D:1:      dpeg_arrival_stone_temple_mockup, layout_basic, serial_shops,
          nicolae_shop_waterfront, due_unseen_surprise
D:2:      layout_basic, chequers_ecumenical_altar_simple
D:3:      layout_rooms, xom_butterflies, eino_tiny_chamber,
          roderic_roman_lattice
D:4:      layout_layer_cave, nicolae_vehumet_altar_sigil, jmf_multi_god_temple,
          gup_sewer_entry_pipe, kennysheep_generic_room_8, uniq_natasha
D:5:      layout_loops_cross

Skill      XL: |  1  2  3  4  5  6 |
---------------+-------------------+-----
Spellcasting   | 3 4 |  4.0
Conjurations   | 5 6 |  6.5
Hexes          | 2 |  2.2
Translocations | 2 |  2.0
Dodging        | |  1.7
Stealth        | |  1.7

Action                     |  1- 3 |  4- 6 |  7- 9 || total
---------------------------+-------+-------+-------++-------
  Melee: Unarmed           |     2 |       |       ||     2
         Whip              |     1 |    41 |       ||    42
         Headbutt          |       |     1 |       ||     1
  Throw: Throwing net      |     1 |       |       ||     1
   Cast: Magic Dart        |    74 |    64 |       ||   138
         Searing Ray       |     7 |    22 |       ||    29
    Use: Scroll            |       |     8 |       ||     8
 Armour: Robe              |     1 |     9 |       ||    10
  Dodge: Dodged            |     5 |    49 |       ||    54
